| TOP OF THE 1ST |
|
Trois-Riveres Aigles batting - Pitching for Canton Indians : RHP John Bychyk
|
|
Pitching: RHP John Bychyk
|
|
|
Batting: RHB Ryan Holzwart
|
0-0: Fly out, F6 (Line Drive, 6, EV 100.6 MPH)
|
|
Batting: SHB Luis Verduzco
|
0-0: Ball 1-0: Swinging Strike 1-1: Swinging Strike 1-2: Strikes out looking
|
|
Batting: RHB Jason Penfield
|
0-0: Called Strike 0-1: SOLO HOME RUN (Flyball, 7LD, EV 94.4 MPH), Distance : 347 ft
|
|
Batting: RHB Alex Koral
|
0-0: Swinging Strike 0-1: Ball 1-1: Called Strike 1-2: Foul Ball, location: 2F 1-2: Foul Ball, location: 2F 1-2: Hit by Pitch
|
|
Batting: SHB Omar Cervantes
|
0-0: Swinging Strike 0-1: Ball 1-1: Ball Alex Koral steals 2nd base 2-1: Foul Ball, location: 2F 2-2: Foul Ball, location: 2F 2-2: Strikes out looking
|
| Top of the 1st over - 1 run, 1 hit, 0 errors, 1 left on base; Trois-Riveres 1 - Canton 0 |
| BOTTOM OF THE 1ST |
|
Canton Indians batting - Pitching for Trois-Riveres Aigles : RHP Vince Martinez
|
|
Pitching: RHP Vince Martinez
|
|
|
Batting: SHB Javon Mitchell
|
0-0: Ball 1-0: Ball 2-0: Called Strike 2-1: Ball 3-1: Foul Ball, location: 2F 3-2: Foul Ball, location: 2F 3-2: Base on Balls
|
|
Batting: RHB George Wagner
|
0-0: Ball 1-0: Ball 2-0: Ball 3-0: Base on Balls Javon Mitchell to second
|
|
Batting: LHB Dave Key
|
0-0: Called Strike Javon Mitchell steals 3rd base George Wagner to second 0-1: Swinging Strike 0-2: Ball 1-2: Ball 2-2: Ball 3-2: Base on Balls
|
|
Batting: RHB Tacito Carreiro
|
0-0: Called Strike 0-1: Called Strike 0-2: Ball 1-2: Fly out, F8 (Flyball, 8RD, EV 95.6 MPH) Runner from 3rd tags up, OUT at HOME! 8-2 George Wagner to third Dave Key to second
|
|
Batting: RHB Anibal Casteles
|
0-0: Ball 1-0: Called Strike 1-1: SINGLE (Flyball, 78M, EV 91.2 MPH) George Wagner scores Dave Key to third Runner from 3rd tries for Home, SAFE, throw by LF to home
|
|
Batting: RHB Josh Patterson
|
0-0: Called Strike 0-1: Ball 1-1: Ball 2-1: Called Strike 2-2: Foul Ball, location: 2F 2-2: Fly out, F8 (Flyball, 8LD, EV 100.0 MPH)
|
| Bottom of the 1st over - 2 runs, 1 hit, 0 errors, 1 left on base; Trois-Riveres 1 - Canton 2 |
| TOP OF THE 2ND |
|
Trois-Riveres Aigles batting - Pitching for Canton Indians : RHP John Bychyk
|
|
Batting: RHB Dave Galloway
|
0-0: Called Strike 0-1: Ball 1-1: Ball 2-1: Ball 3-1: Base on Balls
|
|
Batting: RHB Tim Dower
|
0-0: Ball 1-0: SINGLE (Groundball, 56D, EV 95.0 MPH) Dave Galloway to second
|
|
Batting: RHB Wan-ling Zhu
|
0-0: Called Strike 0-1: Fly out, F9 (Flyball, 89M, EV 95.0 MPH)
|
|
Batting: RHB Sandoval Serzedelo
|
0-0: Called Strike 0-1: Foul Ball, location: 2F 0-2: Strikes out looking
|
|
Batting: RHB Ryan Holzwart
|
0-0: SINGLE (Groundball, 4MD, EV 95.0 MPH) Dave Galloway to third Tim Dower to second Runner from 3rd tries for Home, SAFE, throw by CF to home Tim Dower to third Ryan Holzwart to second
|
|
Batting: SHB Luis Verduzco
|
0-0: Ball 1-0: Ground out 4-3 (Groundball, 4S, EV 78.8 MPH)
|
| Top of the 2nd over - 1 run, 2 hits, 0 errors, 2 left on base; Trois-Riveres 2 - Canton 2 |
| BOTTOM OF THE 2ND |
|
Canton Indians batting - Pitching for Trois-Riveres Aigles : RHP Vince Martinez
|
|
Batting: RHB Leo Villa
|
0-0: Ball 1-0: Ball 2-0: Fly out, F8 (Line Drive, 8LM, EV 98.8 MPH)
|
|
Batting: RHB Xavier Bartolani
|
0-0: Called Strike 0-1: SINGLE (Flyball, 8RS, EV 91.2 MPH)
|
|
Batting: RHB Patrick Pinault
|
0-0: Called Strike 0-1: Ball 1-1: Ball 2-1: 2-RUN HOME RUN (Flyball, 78XD, EV 113.8 MPH), Distance : 436 ft
|
|
Batting: SHB Javon Mitchell
|
0-0: Called Strike 0-1: Ball 1-1: Foul Ball, location: 2F 1-2: Foul Ball, location: 2F 1-2: Foul Ball, location: 2F 1-2: Ball 2-2: Ball 3-2: Base on Balls
|
|
Batting: RHB George Wagner
|
0-0: Ball 1-0: 2-RUN HOME RUN (Flyball, 7LD, EV 96.2 MPH), Distance : 358 ft
|
|
Batting: LHB Dave Key
|
0-0: DOUBLE (Line Drive, 9LM, EV 108.8 MPH)
|
|
Pitching: RHP Gerardo Fernandez
|
|
|
Batting: RHB Tacito Carreiro
|
0-0: Ball 1-0: Ball 2-0: Called Strike 2-1: Fly out, F9 (Flyball, 8RS, EV 78.8 MPH)
|
|
Batting: RHB Anibal Casteles
|
0-0: Swinging Strike 0-1: Called Strike 0-2: Reached on error, E3 (Groundball, 34S, EV 68.1 MPH) Dave Key to third
|
|
Batting: RHB Josh Patterson
|
0-0: Ball Wild Pitch! Dave Key scores Anibal Casteles to second 1-0: Swinging Strike 1-1: Called Strike 1-2: Ball 2-2: Foul Ball, location: 2F 2-2: Strikes out swinging
|
| Bottom of the 2nd over - 5 runs, 4 hits, 1 error, 1 left on base; Trois-Riveres 2 - Canton 7 |
| TOP OF THE 3RD |
|
Trois-Riveres Aigles batting - Pitching for Canton Indians : RHP John Bychyk
|
|
Batting: RHB Jason Penfield
|
0-0: Fly out, F6 (Line Drive, 6, EV 67.5 MPH)
|
|
Batting: RHB Alex Koral
|
0-0: Called Strike 0-1: Ball 1-1: Foul Ball, location: 2F 1-2: SOLO HOME RUN (Line Drive, 7LD, EV 95.6 MPH), Distance : 358 ft
|
|
Batting: SHB Omar Cervantes
|
0-0: Ball 1-0: Foul Ball, location: 2F 1-1: Ball 2-1: Swinging Strike 2-2: Strikes out looking
|
|
Batting: RHB Dave Galloway
|
0-0: Called Strike 0-1: Ball 1-1: Foul Ball, location: 2F 1-2: Foul Ball, location: 2F 1-2: Ball 2-2: Ball 3-2: Ground out 6-3 (Groundball, 56, EV 83.1 MPH)
|
| Top of the 3rd over - 1 run, 1 hit, 0 errors, 0 left on base; Trois-Riveres 3 - Canton 7 |
| BOTTOM OF THE 3RD |
|
Canton Indians batting - Pitching for Trois-Riveres Aigles : RHP Gerardo Fernandez
|
|
Batting: RHB Leo Villa
|
0-0: Ground out 6-3 (Groundball, 6, EV 109.4 MPH)
|
|
Batting: RHB Xavier Bartolani
|
0-0: Ball 1-0: Ball 2-0: Called Strike 2-1: Fly out, F7 (Flyball, 7D, EV 72.5 MPH)
|
|
Batting: RHB Patrick Pinault
|
0-0: Called Strike 0-1: Swinging Strike 0-2: Ball 1-2: Foul Ball, location: 2F 1-2: Ball 2-2: Ball 3-2: Ground out 5-3 (Groundball, 56S, EV 86.2 MPH)
|
| Bottom of the 3rd over - 0 runs, 0 hits, 0 errors, 0 left on base; Trois-Riveres 3 - Canton 7 |
| TOP OF THE 4TH |
|
Trois-Riveres Aigles batting - Pitching for Canton Indians : RHP John Bychyk
|
|
Batting: RHB Tim Dower
|
0-0: Foul Ball, location: 2F 0-1: Ball 1-1: Swinging Strike 1-2: Strikes out swinging
|
|
Batting: RHB Wan-ling Zhu
|
0-0: SINGLE (Line Drive, 78S, EV 90.0 MPH)
|
|
Batting: RHB Sandoval Serzedelo
|
0-0: Ball 1-0: Foul Ball, location: 2F 1-1: Ball 2-1: Called Strike 2-2: Ball 3-2: Foul Ball, location: 2F 3-2: Foul Ball, location: 2F 3-2: Base on Balls Wan-ling Zhu to second
|
|
Batting: RHB Ryan Holzwart
|
0-0: Called Strike 0-1: Ball 1-1: SINGLE (Groundball, 6MS, EV 71.9 MPH) (infield hit) Wan-ling Zhu to third Sandoval Serzedelo to second
|
|
Batting: SHB Luis Verduzco
|
0-0: Ball 1-0: Ball 2-0: Called Strike 2-1: Called Strike 2-2: Foul Ball, location: 2F 2-2: Ball 3-2: Fielders Choice at 2nd, 4-6 (Groundball, 4, EV 89.4 MPH) Wan-ling Zhu scores Sandoval Serzedelo to third
|
|
Batting: RHB Jason Penfield
|
0-0: Ball 1-0: Foul Ball, location: 2F 1-1: Ground out 4-3 (Groundball, 6MS, EV 65.0 MPH)
|
| Top of the 4th over - 1 run, 2 hits, 0 errors, 2 left on base; Trois-Riveres 4 - Canton 7 |
| BOTTOM OF THE 4TH |
|
Canton Indians batting - Pitching for Trois-Riveres Aigles : RHP Gerardo Fernandez
|
|
Batting: SHB Javon Mitchell
|
0-0: Called Strike 0-1: Fly out, F8 (Flyball, 8RD, EV 86.9 MPH)
|
|
Batting: RHB George Wagner
|
0-0: Ball 1-0: Ball 2-0: Fly out, F7 (Flyball, 7, EV 90.6 MPH)
|
|
Batting: LHB Dave Key
|
0-0: Called Strike 0-1: Foul Ball, location: 2F 0-2: Ball 1-2: Ball 2-2: Strikes out swinging
|
| Bottom of the 4th over - 0 runs, 0 hits, 0 errors, 0 left on base; Trois-Riveres 4 - Canton 7 |
| TOP OF THE 5TH |
|
Trois-Riveres Aigles batting - Pitching for Canton Indians : RHP John Bychyk
|
|
Pitching: RHP Roberto Lamadrid
|
|
|
Batting: RHB Alex Koral
|
0-0: Called Strike 0-1: Fly out, F8 (Flyball, 8LM, EV 88.8 MPH)
|
|
Batting: SHB Omar Cervantes
|
0-0: Ball 1-0: Swinging Strike 1-1: Ball 2-1: Foul Ball, location: 2F 2-2: Strikes out looking
|
|
Batting: RHB Dave Galloway
|
0-0: Swinging Strike 0-1: Fly out, F9 (Line Drive, 89M, EV 90.0 MPH)
|
| Top of the 5th over - 0 runs, 0 hits, 0 errors, 0 left on base; Trois-Riveres 4 - Canton 7 |
| BOTTOM OF THE 5TH |
|
Canton Indians batting - Pitching for Trois-Riveres Aigles : RHP Gerardo Fernandez
|
|
Batting: RHB Tacito Carreiro
|
0-0: Called Strike 0-1: Ball 1-1: Swinging Strike 1-2: Strikes out looking
|
|
Batting: RHB Anibal Casteles
|
0-0: Foul Ball, location: 2F 0-1: Ball 1-1: Foul Ball, location: 2F 1-2: Strikes out swinging
|
|
Batting: RHB Josh Patterson
|
0-0: Ball 1-0: Foul Ball, location: 2F 1-1: Ball 2-1: Ball 3-1: Foul Ball, location: 2F 3-2: Base on Balls
|
|
Batting: RHB Leo Villa
|
0-0: Called Strike Josh Patterson steals 2nd base 0-1: Called Strike 0-2: Ground out 6-3 (Groundball, 6, EV 87.5 MPH)
|
| Bottom of the 5th over - 0 runs, 0 hits, 0 errors, 1 left on base; Trois-Riveres 4 - Canton 7 |
| TOP OF THE 6TH |
|
Trois-Riveres Aigles batting - Pitching for Canton Indians : RHP Roberto Lamadrid
|
|
Batting: RHB Tim Dower
|
0-0: Ground out 1-3 (Groundball, P, EV 72.5 MPH)
|
|
Batting: RHB Wan-ling Zhu
|
0-0: Swinging Strike 0-1: Called Strike 0-2: Ball 1-2: Foul Ball, location: 2F 1-2: Strikes out swinging
|
|
Batting: RHB Sandoval Serzedelo
|
0-0: Fly out, F8 (Flyball, 8LXD, EV 95.6 MPH)
|
| Top of the 6th over - 0 runs, 0 hits, 0 errors, 0 left on base; Trois-Riveres 4 - Canton 7 |
| BOTTOM OF THE 6TH |
|
Canton Indians batting - Pitching for Trois-Riveres Aigles : RHP Gerardo Fernandez
|
|
Batting: RHB Xavier Bartolani
|
0-0: Fly out, F8 (Flyball, 8RM, EV 83.8 MPH)
|
|
Batting: RHB Patrick Pinault
|
0-0: Called Strike 0-1: Foul Ball, location: 2F 0-2: Ball 1-2: Strikes out swinging
|
|
Batting: SHB Javon Mitchell
|
0-0: Ground out 4-3 (Groundball, 4, EV 88.8 MPH)
|
| Bottom of the 6th over - 0 runs, 0 hits, 0 errors, 0 left on base; Trois-Riveres 4 - Canton 7 |
| TOP OF THE 7TH |
|
Trois-Riveres Aigles batting - Pitching for Canton Indians : RHP Roberto Lamadrid
|
|
Batting: RHB Ryan Holzwart
|
0-0: Fly out, F9 (Flyball, 89S, EV 96.9 MPH)
|
|
Batting: SHB Luis Verduzco
|
0-0: Ball 1-0: Ball 2-0: SINGLE (Line Drive, 8LS, EV 106.2 MPH)
|
|
Batting: RHB Jason Penfield
|
0-0: Ball 1-0: Ball 2-0: Called Strike 2-1: Ball 3-1: Base on Balls Luis Verduzco to second
|
|
Batting: RHB Alex Koral
|
0-0: Ball 1-0: Called Strike 1-1: Called Strike 1-2: Strikes out swinging
|
|
Batting: SHB Omar Cervantes
|
0-0: Ball 1-0: Foul Ball, location: 2F 1-1: Foul Ball, location: 2F 1-2: Ball 2-2: Ball 3-2: 3-RUN HOME RUN (Line Drive, 89XD, EV 109.4 MPH), Distance : 432 ft
|
|
Batting: RHB Dave Galloway
|
0-0: SINGLE (Line Drive, 6D, EV 104.4 MPH)
|
|
Batting: RHB Tim Dower
|
0-0: Ball 1-0: Ball 2-0: Swinging Strike 2-1: Swinging Strike 2-2: Foul Ball, location: 2F 2-2: Ball 3-2: Base on Balls Dave Galloway to second
|
|
Pitching: LHP Marco Atilano
|
|
|
Batting: RHB Wan-ling Zhu
|
0-0: Called Strike 0-1: Foul Ball, location: 2F 0-2: Ball 1-2: Strikes out swinging
|
| Top of the 7th over - 3 runs, 3 hits, 0 errors, 2 left on base; Trois-Riveres 7 - Canton 7 |
| BOTTOM OF THE 7TH |
|
Canton Indians batting - Pitching for Trois-Riveres Aigles : RHP Gerardo Fernandez
|
|
Pitching: RHP Matt Wicker
|
|
|
Pinch Hitting: LHB Mesfin Azagba
|
0-0: Ball 1-0: Ball 2-0: Swinging Strike 2-1: Swinging Strike 2-2: Strikes out looking
|
|
Batting: LHB Dave Key
|
0-0: Called Strike 0-1: SOLO HOME RUN (Flyball, 7D, EV 95.0 MPH), Distance : 380 ft
|
|
Batting: RHB Tacito Carreiro
|
0-0: Called Strike 0-1: Ball 1-1: Ball 2-1: Foul Ball, location: 2F 2-2: Foul Ball, location: 2F 2-2: Foul Ball, location: 2F 2-2: Strikes out swinging, 2-3 out at first.
|
|
Batting: RHB Anibal Casteles
|
0-0: Ball 1-0: Ball 2-0: Foul Ball, location: 2F 2-1: Ball 3-1: Foul Ball, location: 2F 3-2: Base on Balls
|
|
Batting: RHB Josh Patterson
|
0-0: Ball 1-0: Foul Ball, location: 2F 1-1: Foul Ball, location: 2F 1-2: Ball 2-2: Ball 3-2: SINGLE (Groundball, 25, EV 65.0 MPH) (infield hit) Anibal Casteles to second
|
|
Batting: RHB Leo Villa
|
0-0: Called Strike 0-1: Foul Ball, location: 2F 0-2: Ball 1-2: Foul Ball, location: 2F 1-2: Ball 2-2: Fly out, F7 (Flyball, 7D, EV 94.4 MPH)
|
| Bottom of the 7th over - 1 run, 2 hits, 0 errors, 2 left on base; Trois-Riveres 7 - Canton 8 |
| BOTTOM OF THE 8TH |
|
Canton Indians batting - Pitching for Trois-Riveres Aigles : RHP Matt Wicker
|
|
Now in LF: Gilbert Hoareau
|
|
|
Now in RF: Sean Boenig
|
|
|
Batting: RHB Xavier Bartolani
|
0-0: Called Strike 0-1: Swinging Strike 0-2: Ball 1-2: Ball 2-2: Foul Ball, location: 2F 2-2: Fly out, F3 (Popup, 23F, EV 86.9 MPH)
|
|
Batting: RHB Patrick Pinault
|
0-0: Called Strike 0-1: Foul Ball, location: 2F 0-2: Ball 1-2: Ball 2-2: Ball 3-2: Base on Balls
|
|
Pitching: LHP Min Xue
|
|
|
Batting: SHB Javon Mitchell
|
0-0: Called Strike 0-1: Ball 1-1: Swinging Strike 1-2: Hit by Pitch Patrick Pinault to second
|
|
Batting: RHB Aaron Stout
|
0-0: Called Strike 0-1: Ball 1-1: Foul Ball, location: 2F 1-2: Foul Ball, location: 2F 1-2: Strikes out looking
|
|
Batting: LHB Dave Key
|
0-0: Ground out U3 (Groundball, 34, EV 95.0 MPH)
|
| Bottom of the 8th over - 0 runs, 0 hits, 0 errors, 2 left on base; Trois-Riveres 7 - Canton 8 |
| TOP OF THE 9TH |
|
Trois-Riveres Aigles batting - Pitching for Canton Indians : RHP Benito de la Torre
|
|
Pitching: RHP Conrado Cristina
|
|
|
Now in LF: Steve Gusman
|
|
|
Batting: RHB Dave Galloway
|
0-0: Called Strike 0-1: Foul Ball, location: 2F 0-2: SINGLE (Line Drive, 78M, EV 105.0 MPH)
|
|
Batting: RHB Tim Dower
|
0-0: Bunted foul 0-1: Bunted foul 0-2: Ball 1-2: Ball 2-2: Foul Ball, location: 2F 2-2: Fly out, F7 (Flyball, 78S, EV 83.8 MPH)
|
|
Pinch Hitting: LHB Ian Cranton
|
0-0: Grounds into double play, 6-4-3 (Groundball, 6, EV 103.8 MPH)
|
| Top of the 9th over - 0 runs, 1 hit, 0 errors, 0 left on base; Trois-Riveres 7 - Canton 8 |
|